 Dungeon Crawl Stone Soup version 0.20.1-1-g8b1a95d (webtiles) character file.

2571 Folque the Conjurer (level 9, 0/61 HPs)
             Began as an Octopode Wizard on Nov 22, 2017.
             Was a Believer of Sif Muna.
             Engulfed by a cloud of noxious fumes (1 damage)
             ... on level 8 of the Dungeon.
             The game lasted 00:33:01 (8486 turns).

Folque the Conjurer (Octopode Wizard)               Turns: 8486, Time: 00:33:02

Health: 0/61       AC:  1    Str:  6    XL:     9   Next: 57%
Magic:  14/19      EV: 13    Int: 23    God:    Sif Muna [**....]
Gold:   373        SH:  0    Dex: 11    Spells: 14/22 levels left

rFire    . . .     SeeInvis .   B - +3 scimitar (freeze)
rCold    . . .     Gourm    .   (no shield)
rNeg     . . .     Faith    +   a - +0 hat
rPois    .         Spirit   .   y - amulet of faith
rElec    .         Reflect  .   (no ring)
rCorr    .         Harm     .   (no ring)
MR       .....                  (no ring)
Stlth    ++........             (no ring)
Regen    0.2/turn               (no ring)
MPRegen  0.2/turn               (no ring)
                                (no ring)
                                (no ring)

@: confused
A: almost no armour, stealthy swim, amphibious, 8 rings, constrict 8, camouflage
1, gelatinous body 1
a: Divine Energy, Renounce Religion


You were on level 8 of the Dungeon.
You worshipped Sif Muna.
Sif Muna was pleased with you.
You were very hungry.

You visited 2 branches of the dungeon, and saw 9 of its levels.

You collected 373 gold pieces.

Inventory:

Hand Weapons
 e - a +0 hand axe
 h - a +2 whip of electrocution
 q - a +0 dagger of venom
 B - a +3 scimitar of freezing (weapon)
Missiles
 n - 3 javelins (quivered)
 w - a throwing net
Armour
 a - a +0 hat (worn)
Magical Staves
 v - an uncursed staff of conjuration {unknown}
Jewellery
 r - a cursed amulet of inaccuracy {unknown}
 y - an amulet of faith (around mantle)
Wands
 C - a wand of iceblast (3/15)
Scrolls
 f - a scroll of identify {unknown}
 j - a scroll of enchant weapon {unknown}
 k - a scroll of noise
 l - 3 scrolls of teleportation
 m - a scroll of amnesia
 p - 3 scrolls of fog {unknown}
 s - a scroll of recharging {unknown}
 t - a scroll of blinking {unknown}
 z - a scroll of immolation {unknown}
 A - 2 scrolls of remove curse
Potions
 d - a potion of berserk rage {unknown}
 o - 2 potions of might {unknown}
 u - a potion of curing {unknown}
Books
 b - a book of Minor Magic

   Spells                             Type                      Level
   a - Magic Dart                     Conjuration                  1
   b - Blink                          Translocation                2
   c - Call Imp                       Summoning                    2
   d - Slow                           Hexes                        2
   e - Conjure Flame                  Conjuration/Fire             3
   f - Mephitic Cloud                 Conjuration/Poison/Air       3
Comestibles
 c - 6 bread rations
 g - 3 royal jellies
 i - 8 fruits
 x - 3 meat rations


   Skills:
 - Level 5.2 Fighting
 - Level 2.0 Dodging
 - Level 2.6 Stealth
 + Level 7.1 Spellcasting
 + Level 7.6 Conjurations
 * Level 3.8 Summonings
 - Level 1.0 Translocations
 - Level 3.3 Poison Magic


You had 14 spell levels left.
You knew the following spells:

 Your Spells              Type           Power        Failure   Level  Hunger
a - Magic Dart            Conj           ####         1%          1    None
b - Call Imp              Summ           ####....     2%          2    None
c - Blink                 Tloc           N/A          8%          2    None
d - Mephitic Cloud        Conj/Pois/Air  ####....     4%          3    None


Dungeon Overview and Level Annotations

Branches:
Dungeon (8/15)             Temple (1/1) D:5
   Lair: D:8-11

Altars:
Ashenzari
Cheibriados
Dithmenos
Elyvilon
Fedhas
Gozag
Hepliaklqana
Nemelex Xobeh
Okawaru
Qazlal
Sif Muna
Trog
Uskayaw
Vehumet
Xom
Yredelemnul
Zin
The Shining One


Innate Abilities, Weirdness & Mutations

You cannot wear most types of armour.
You are very stealthy in the water. (Stealth+)
You are amphibious.
You can wear up to eight rings at the same time.
You can use your tentacles to constrict eight enemies at once.
Your skin changes colour to match your surroundings (Stealth+).
Your rubbery body absorbs attacks. (AC +1, EV +1)


Message History

You see here an arrow.
Casting: Call Imp
Confirm with . or Enter, or press ? or * to list all spells.
You blink.
The centaur unwields an uncursed shortbow.
The centaur hits you!
* * * LOW HITPOINT WARNING * * *
The centaur hits you!
* * * LOW HITPOINT WARNING * * *
Casting: Blink
Confirm with . or Enter, or press ? or * to list all spells.
Aiming: Mephitic Cloud
Press: ? - help, Shift-Dir - straight line, f - centaur
Aim: a centaur That beam is likely to hit you.
Continue anyway?
The ball explodes into a vile cloud!
The stinking cloud engulfs the centaur.
The stinking cloud engulfs you!
You are engulfed in noxious fumes.
You choke on the stench!
You are confused.
You die...

..................#.##..#
#.#...........##.#.# .#
#........§<...##.#.. .
#..#.##.(#....##.....
#..#.#........##.........##
#####..#.##.....................
#...............................
#####..####.##.#§§.....##.#.....
#.># #.#..@c............... #..#
#.##.#§§.#...##.#.....
#..####.##.#................
#.......##.#................
##########.#...#...##.#..##.
#.#...#............
#.#...##..##.#..#..
..........####.....
###...##..####.....


You could see a centaur.

Vanquished Creatures
  The ghost of homeworkjunkie the Chopper, an amateur HOFi (D:4)
  A hippogriff (D:7)
  A water moccasin (D:8)
  A black bear (D:7)
  A sky beast (D:7)
  5 ogres
  A centaur (D:7)
  The ghost of pskda the Covered, an amateur VSFi of Uskayaw (D:3)
  4 bullfrogs
  A water moccasin zombie (D:7)
  2 wights (D:6)
  7 crimson imps
  A bullfrog zombie (D:4)
  A jelly (D:7)
  2 orc priests
  5 hounds
  5 orc wizards
  A bullfrog skeleton (D:4)
  3 worker ants
  A hound zombie (D:7)
  3 hound skeletons
  3 gnolls (D:4)
  6 adders
  3 oozes
  3 adder zombies
  A worm (D:2)
  A dart slug (D:2)
  6 leopard geckos
  8 orcs
  6 giant cockroaches
  7 hobgoblins
  4 jackals (D:4)
  4 quokkas
  4 ball pythons
  5 bats
  7 frilled lizards
  9 goblins
  6 kobolds
  9 rats
  A plant (D:6)
141 creatures vanquished.

Vanquished Creatures (collateral kills)
  A black bear (D:4)
  A wight (D:6)
  A crimson imp (D:4)
  An adder (D:2)
  2 worms
  An orc (D:5)
7 creatures vanquished.

Grand Total: 148 creatures vanquished

Notes
Turn   | Place    | Note
-------+----------+-------------------------------------------
     0 | D:1      | Folque the Octopode Wizard began the quest for the Orb.
     0 | D:1      | Reached XP level 1. HP: 11/11 MP: 4/4
   121 | D:1      | Reached skill level 1 in Fighting
   121 | D:1      | Reached XP level 2. HP: 9/18 MP: 0/6
   984 | D:2      | Learned a level 2 spell: Call Imp
   987 | D:2      | Learned a level 2 spell: Blink
  1122 | D:2      | Reached XP level 3. HP: 23/24 MP: 7/7
  1127 | D:2      | Learned a level 3 spell: Mephitic Cloud
  1385 | D:2      | Reached skill level 1 in Poison Magic
  2127 | D:2      | Reached XP level 4. HP: 29/29 MP: 9/9
  2411 | D:3      | Found a sparkling altar of Nemelex Xobeh.
  2755 | D:3      | Noticed a hand axe
  2756 | D:3      | Found a hide-covered altar of Uskayaw.
  2756 | D:3      | Noticed a dagger
  2852 | D:3      | Noticed pskda's ghost (amateur VSFi)
  2894 | D:3      | Killed pskda's ghost
  2894 | D:3      | Reached XP level 5. HP: 24/34 MP: 1/10
  3083 | D:4      | Noticed homeworkjunkie's ghost (amateur HOFi)
  3084 | D:4      | Reached XP level 6. HP: 31/39 MP: 3/12
  3501 | D:4      | Reached XP level 7. HP: 45/45 MP: 9/13
  3532 | D:4      | Found a shimmering altar of Xom.
  3789 | D:4      | Reached skill level 5 in Conjurations
  3790 | D:4      | Reached skill level 5 in Spellcasting
  4006 | D:4      | Killed homeworkjunkie's ghost
  4006 | D:4      | Reached XP level 8. HP: 34/50 MP: 1/16
  4302 | D:5      | Entered Level 5 of the Dungeon
  4337 | D:5      | Found a staircase to the Ecumenical Temple.
  4346 | Temple   | Entered the Ecumenical Temple
  5084 | D:5      | Found a deep blue altar of Sif Muna.
  5088 | D:5      | Became a worshipper of Sif Muna the Loreminder
  5703 | D:6      | Found a radiant altar of Vehumet.
  6725 | D:6      | Found a blossoming altar of Fedhas.
  6725 | D:6      | Found a radiant altar of Vehumet.
  6727 | D:6      | Found a basalt altar of Yredelemnul.
  6977 | D:7      | Noticed a hippogriff
  6997 | D:7      | HP: 2/54 [hippogriff (4)]
  7009 | D:7      | Killed a hippogriff
  7009 | D:7      | Reached XP level 9. HP: 29/60 MP: 13/18
  7222 | D:7      | Reached skill level 5 in Fighting
  7403 | D:7      | Reached * piety under Sif Muna
  8263 | D:8      | Reached ** piety under Sif Muna
  8485 | D:8      | HP: 1/61 [centaur (10)]
  8486 | D:8      | Engulfed by a cloud of noxious fumes

Skill      XL: |  1  2  3  4  5  6  7  8  9 |
---------------+----------------------------+-----
Fighting       | 1 2 4 5 |  5.2
Poison Magic   | 1 3 |  3.3
Conjurations   | 2 3 4 6 7 |  7.6
Spellcasting   | 4 5 6 7 |  7.1
Summonings     | 3 |  3.8
Dodging        | |  2.0
Stealth        | |  2.6
Translocations | |  1.0

Action                   |  1- 3 |  4- 6 |  7- 9 || total
-------------------------+-------+-------+-------++-------
Melee: Hand axe          |    67 |       |       ||    67
       Constrict         |    17 |    21 |    32 ||    70
       Tentacles         |     9 |    12 |    27 ||    48
       Dagger            |     7 |    11 |       ||    18
       Whip              |       |    68 |    82 ||   150
       Scimitar          |       |       |    89 ||    89
Throw: Javelin           |       |       |     1 ||     1
 Cast: Magic Dart        |     6 |     6 |    18 ||    30
       Call Imp          |     5 |     7 |    48 ||    60
       Blink             |     1 |       |    11 ||    12
       Mephitic Cloud    |       |     8 |    22 ||    30
  Use: Scroll            |       |     2 |     3 ||     5
       Potion            |       |       |     2 ||     2
 Stab: Sleeping          |    12 |     6 |     9 ||    27
       Distracted        |     1 |       |       ||     1
       Confused          |       |     1 |     3 ||     4
  Eat: Chunk             |     2 |     2 |    15 ||    19
       Meat ration       |       |     1 |       ||     1
Armor: Skin              |     7 |     4 |     9 ||    20
Dodge: Dodged            |    30 |    48 |    87 ||   165
       Rpst.: Scimitar   |       |       |    19 ||    19
